[Event "*** Titled Tuesday Blitz"]
[Site "Chess.com"]
[Date "2020.10.20"]
[Round "1"]
[White "Papa12341234"]
[Black "Samantha_Ross"]
[Result "1-0"]
[WhiteElo "2581"]
[BlackElo "2261"]
[TimeControl "180+1"]
[EndTime "10:01:21 PDT"]
[Termination "Papa12341234 won by resignation"]

1. e4 c5 2. Nf3 d6 3. Bb5+ Bd7 4. Bxd7+ Qxd7 5. O-O Nf6 6. Re1 Nc6 7. c3 g6 8. d4 cxd4 9. cxd4 Bg7 10. Nc3 O-O 11. d5 Ne5 12. Nxe5 dxe5 13. h3 e6 14. Bg5 exd5 15. Bxf6 Bxf6 16. Nxd5 Bg7 17. Nf6+ 1-0

[Event "*** Titled Tuesday Blitz"]
[Site "Chess.com"]
[Date "2020.10.20"]
[Round "1"]
[White "ciucas1892"]
[Black "Margency"]
[Result "0-1"]
[WhiteElo "2335"]
[BlackElo "2672"]
[TimeControl "180+1"]
[EndTime "10:01:48 PDT"]
[Termination "Margency won by resignation"]

1. c4 Nf6 2. g3 g6 3. Bg2 Bg7 4. Nf3 d6 5. O-O O-O 6. d4 Nc6 7. Nc3 a6 8. e4 Bg4 9. Be3 Nd7 10.
h3 Bxf3 11. Bxf3 e5 12. d5 Nd4 13. Bg2 c5 14. Qd2 b5 15. b3 bxc4 16. bxc4 Qa5 17.
Rab1 Qxc3 0-1

[Event "*** Titled Tuesday Blitz"]
[Site "Chess.com"]
[Date "2020.10.20"]
[Round "1"]
[White "Maghalashvili"]
[Black "ZarinaShafigullina"]
[Result "1-0"]
[WhiteElo "2669"]
[BlackElo "2330"]
[TimeControl "180+1"]
[EndTime "10:01:58 PDT"]
[Termination "Maghalashvili won by resignation"]

1. Nf3 Nf6 2. g3 b6 3. Bg2 Bb7 4. c4 c5 5. O-O e6 6. Nc3 Be7 7. d4 cxd4 8. Qxd4 d6 9. Rd1 a6 10. b3 Nbd7 11. e4 O-O 12. Ba3 Nc5 13. e5 dxe5 14.
Qxd8 Rfxd8 15. Nxe5 Bxg2 16. Kxg2 Rac8 17. Rxd8+ Bxd8 18. Rd1 Be7 19. Na4 Nxa4 20. Bxe7 Ne4 21. bxa4 1-0

[Event "*** Titled Tuesday Blitz"]
[Site "Chess.com"]
[Date "2020.10.20"]
[Round "1"]
[White "Khnykin_Nikolay"]
[Black "pastouche06"]
[Result "0-1"]
[WhiteElo "2058"]
[BlackElo "2486"]
[TimeControl "180+1"]
[EndTime "10:02:36 PDT"]
[Termination "pastouche06 won by resignation"]

1. e4 c6 2. d4 d5 3. Bd3 dxe4 4. Bxe4 Nf6 5. Bf3 Bf5 6. Ne2 e6 7. O-O Nbd7 8. Nbc3 Be7 9. Bg5 h6 10. Bh4 g5 11.
Bg3 g4 12. Nf4 gxf3 13. Qxf3 Nb6 14. Rfe1 Bg4 15. Qe3 Nbd5 16. Nfxd5 Nxd5 17. Qe5 Bf6 18. Qe4 Bh5 19. Ne2 Bg6 20. Qe3 Nxe3 21. fxe3 0-1

[Event "*** Titled Tuesday Blitz"]
[Site "Chess.com"]
[Date "2020.10.20"]
[Round "1"]
[White "shnitez"]
[Black "enriquebutti"]
[Result "1-0"]
[WhiteElo "2471"]
[BlackElo "1993"]
[TimeControl "180+1"]
[EndTime "10:02:43 PDT"]
[Termination "shnitez won by resignation"]

1. c4 e5 2. Nc3 Nc6 3. Nf3 g6 4. g3 Bg7 5. Bg2 d6 6. O-O Nf6 7. Rb1 a5 8. a3 Bf5 9. d3 Qd7 10. b4 axb4 11. axb4 Bh3 12. Bg5 Bxg2 13. Kxg2 Ne7 14.
Qb3 c6 15. c5 O-O 16. Bxf6 Bxf6 17. Ne4 1-0

[Event "*** Titled Tuesday Blitz"]
[Site "Chess.com"]
[Date "2020.10.20"]
[Round "1"]
[White "Duhless"]
[Black "MPGM"]
[Result "1-0"]
[WhiteElo "3005"]
[BlackElo "2451"]
[TimeControl "180+1"]
[EndTime "10:02:47 PDT"]
[Termination "Duhless won by resignation"]

1. d4 Nf6 2. Nf3 d5 3. c4 c6 4. Nc3 dxc4 5. e4 b5 6. Be2 b4 7.
e5 bxc3 8. exf6 cxb2 9. fxg7 bxa1=Q 10. gxh8=Q Bf5 11. Qxf8+ Kxf8 12. Bh6+ Kg8 13. Qxa1 1-0

[Event "*** Titled Tuesday Blitz"]
[Site "Chess.com"]
[Date "2020.10.20"]
[Round "1"]
[White "dosto07"]
[Black "Karacsonyi_Gellert"]
[Result "1-0"]
[WhiteElo "2338"]
[BlackElo "2639"]
[TimeControl "180+1"]
[EndTime "10:02:49 PDT"]
[Termination "dosto07 won by resignation"]

1. e4 c5 2. Nf3 Nc6 3. Bb5 g6 4.
O-O Bg7 5. c3 Nf6 6. Re1 O-O 7.
e5 Nd5 8. d4 cxd4 9. cxd4 d6 10. Nc3 Nxc3 11. bxc3 dxe5 12. Bxc6 bxc6 13. Nxe5 Bd7 14.
Rb1 Bxe5 15. Rxe5 Be6 16. Bh6 Re8 17. Qe2 Qd7 18. Re1 Rab8 19. h4 Rb5 20. Rxb5 cxb5 21.
Qe5 1-0

[Event "*** Titled Tuesday Blitz"]
[Site "Chess.com"]
[Date "2020.10.20"]
[Round "1"]
[White "MITerryble"]
[Black "ezkybel"]
[Result "1-0"]
[WhiteElo "2896"]
[BlackElo "2437"]
[TimeControl "180+1"]
[EndTime "10:03:05 PDT"]
[Termination "MITerryble won by resignation"]

1. e4 e6 2. d4 d5 3. exd5 exd5 4.
Nf3 Bd6 5. c4 dxc4 6. Bxc4 Nf6 7. O-O O-O 8. Nc3 Bg4 9. h3 Bh5 10. g4 Bg6 11. Ne5 Nc6 12. f4 Ne4 13. Nxc6 Qh4 14.
Qf3 bxc6 15. Nxe4 Bxe4 16. Qxe4 Rae8 17. Qf3 c5 18. Be3 Rxe3 19. Qxe3 cxd4 20. Qf3 d3 21. Qxd3 Bc5+ 22. Kg2 1-0

[Event "*** Titled Tuesday Blitz"]
[Site "Chess.com"]
[Date "2020.10.20"]
[Round "1"]
[White "Cocaino74"]
[Black "Guriempire"]
[Result "0-1"]
[WhiteElo "2391"]
[BlackElo "2800"]
[TimeControl "180+1"]
[EndTime "10:03:06 PDT"]
[Termination "Guriempire won by resignation"]

1. e4 c6 2. d4 d5 3. exd5 cxd5 4. Bd3 Nc6 5. c3 Qc7 6. h3 Nf6 7. Nf3 g6 8. O-O Bg7 9. Re1 Bf5 10. Na3 Bxd3 11. Qxd3 O-O 12. Nb5 Qd7 13. a4 Qf5 14.
Qxf5 gxf5 15. Bg5 Ne4 16. Nc7 Rad8 17. b4 Rd7 18. Nb5 a6 19. Na3 Nxc3 20. b5 axb5 21.
axb5 Nxd4 22. Bxe7 Nde2+ 0-1

[Event "*** Titled Tuesday Blitz"]
[Site "Chess.com"]
[Date "2020.10.20"]
[Round "1"]
[White "andresgv36"]
[Black "K_A_S_T_O_R"]
[Result "0-1"]
[WhiteElo "2417"]
[BlackElo "2831"]
[TimeControl "180+1"]
[EndTime "10:03:11 PDT"]
[Termination "K_A_S_T_O_R won by resignation"]

1. d4 Nf6 2. Bf4 c5 3. e3 Nd5 4.
Bg3 Qb6 5. c4 Qxb2 6. cxd5 Qxa1 7. Qc2 Na6 8. Bxa6 bxa6 9. Ne2 cxd4 10. exd4 d6 11. O-O Rb8 12. Qb2 Qxb2 0-1

[Event "*** Titled Tuesday Blitz"]
[Site "Chess.com"]
[Date "2020.10.20"]
[Round "1"]
[White "VitaliyBernadskiy"]
[Black "AniJak"]
[Result "1-0"]
[WhiteElo "2794"]
[BlackElo "2391"]
[TimeControl "180+1"]
[EndTime "10:03:13 PDT"]
[Termination "VitaliyBernadskiy won by resignation"]

1. e4 c6 2. d4 d5 3. exd5 cxd5 4. Bd3 Nc6 5. c3 Nf6 6. h3 g6 7.
Ne2 Bg7 8. O-O O-O 9. Bf4 Bf5 10.
Bxf5 gxf5 11. Nd2 Ne4 12. Nf3 e6 13. Ne1 b5 14. Nd3 b4 15. Nxb4 Nxb4 16. cxb4 Qb6 17. a3 Rfc8 18. Qd3 Rc4 19. b3 Rc6 20. b5 Rcc8 21.
Rac1 Bf8 22. b4 Nd6 23. Qg3+ 1-0

[Event "*** Titled Tuesday Blitz"]
[Site "Chess.com"]
[Date "2020.10.20"]
[Round "1"]
[White "serhanberat_ozdemir"]
[Black "Fandorine"]
[Result "0-1"]
[WhiteElo "2426"]
[BlackElo "2868"]
[TimeControl "180+1"]
[EndTime "10:03:14 PDT"]
[Termination "Fandorine won by resignation"]

1. e4 c5 2. Nf3 d6 3. d4 cxd4 4. Nxd4 Nf6 5. Nc3 a6 6. f3 e5 7. Nb3 Be6 8. Be3 h5 9. Nd5 Bxd5 10. exd5 Nbd7 11. Qd2 Be7 12. Be2 O-O 13. Na5 Qc7 14.
c4 Rfc8 15. Rc1 Qb8 16. O-O Bd8 17. Rfd1 Bb6 18. Bxb6 Nxb6 19. b4 Nbd7 20. f4 Qa7+ 21. Kh1 Ne4 0-1

[Event "*** Titled Tuesday Blitz"]
[Site "Chess.com"]
[Date "2020.10.20"]
[Round "1"]
[White "sbouchet"]
[Black "Alexander_Moskalenko"]
[Result "0-1"]
[WhiteElo "2437"]
[BlackElo "2894"]
[TimeControl "180+1"]
[EndTime "10:03:22 PDT"]
[Termination "Alexander_Moskalenko won by resignation"]

1. e4 c6 2. Nc3 d5 3. Nf3 dxe4 4. Nxe4 Nf6 5. Nxf6+ exf6 6. g3 Bd6 7. Qe2+ Be6 8. Nd4 O-O 9. Nxe6 fxe6 10. Bg2 e5 11.
O-O Nd7 12. b3 Re8 13. Bb2 Nc5 14. Rad1 Ne6 15. Qe1 Qc7 16. Qe4 Rad8 17. Rfe1 Qa5 18. a4 Bb4 19. c3 Bf8 20. d4 exd4 21. cxd4 Nc7 22. Qc2 Rxe1+ 0-1

[Event "*** Titled Tuesday Blitz"]
[Site "Chess.com"]
[Date "2020.10.20"]
[Round "1"]
[White "Playgood28"]
[Black "731291"]
[Result "0-1"]
[WhiteElo "2300"]
[BlackElo "2631"]
[TimeControl "180+1"]
[EndTime "10:03:27 PDT"]
[Termination "731291 won by resignation"]

1. d4 Nf6 2. c4 e6 3. Nc3 Bb4 4. Qc2 O-O 5. a3 Bxc3+ 6. Qxc3 b6 7. e3 Bb7 8. Nf3 Ne4 9. Qc2 f5 10. Be2 d6 11. O-O Nd7 12. b4 Rf6 13.
d5 Rg6 14. dxe6 Ng5 15. Qxf5 Be4 16. Qf4 Nh3+ 17. Kh1 Nxf4 18. exf4 Rxe6 0-1

[Event "*** Titled Tuesday Blitz"]
[Site "Chess.com"]
[Date "2020.10.20"]
[Round "1"]
[White "Pawnpusherschessaccademy"]
[Black "doons21"]
[Result "0-1"]
[WhiteElo "2219"]
[BlackElo "2544"]
[TimeControl "180+1"]
[EndTime "10:03:31 PDT"]
[Termination "doons21 won by resignation"]

1. e4 c5 2. Nf3 d6 3. Bb5+ Bd7 4. Bxd7+ Qxd7 5. O-O Nc6 6. Qe2 g6 7. Rd1 Bg7 8. c3 Nf6 9. d4 cxd4 10. cxd4 d5 11. e5 Ne4 12. Ne1 h6 13. h4 f6 14.
f3 Ng3 15. Qf2 Nf5 16. g4 Nfxd4 17. Rxd4 Nxd4 18. Qxd4 fxe5 19. Qd3 e4 20. fxe4 Qxg4+ 21. Ng2 O-O 22. Qxd5+ Kh7 23. Nc3 Rad8 24. Qxb7 Bd4+ 25.
Kh2 Be5+ 26. Kg1 Rd1+ 27. Nxd1 Qxd1+ 0-1

[Event "*** Titled Tuesday Blitz"]
[Site "Chess.com"]
[Date "2020.10.20"]
[Round "1"]
[White "Hikaru"]
[Black "r31415"]
[Result "1-0"]
[WhiteElo "3224"]
[BlackElo "2455"]
[TimeControl "180+1"]
[EndTime "10:03:32 PDT"]
[Termination "Hikaru won by checkmate"]

1. d4 d6 2. e4 Nf6 3. Nc3 g6 4.
f4 Bg7 5. Nf3 O-O 6. e5 dxe5 7.
fxe5 Nd5 8. Bc4 Nxc3 9. bxc3 c5 10. O-O Nc6 11. Be3 Bg4 12. Qd3 Na5 13. Bb3 Qc7 14.
Qe4 Bf5 15. Qh4 c4 16. Ba4 a6 17. g4 Bc8 18. Ng5 h6 19. Ne4 b5 20. Bxh6 Bb7 21.
Bxg7 Kxg7 22. Ng5 Rh8 23. Rxf7+ Kg8 24. Rh7 Qc6 25. Rxh8+ Kg7 26. Qh6# 1-0

[Event "*** Titled Tuesday Blitz"]
[Site "Chess.com"]
[Date "2020.10.20"]
[Round "1"]
[White "Chamal_Gedgafov"]
[Black "IANOV0007"]
[Result "0-1"]
[WhiteElo "2143"]
[BlackElo "2510"]
[TimeControl "180+1"]
[EndTime "10:03:32 PDT"]
[Termination "IANOV0007 won by checkmate"]

1. d4 d6 2. c4 g6 3. Nc3 Bg7 4. e4 c5 5. d5 e6 6. Nf3 Ne7 7.
Bd3 a6 8. O-O O-O 9. h3 h6 10.
Bf4 e5 11. Be3 f5 12. Ne1 f4 13. Bd2 Nd7 14. Be2 Nf6 15. Bg4 Nxg4 16. hxg4 g5 17.
a3 Ng6 18. b4 b6 19. bxc5 bxc5 20. Rb1 Ra7 21. Nd3 f3 22. gxf3 Nh4 23. Ne1 Nxf3+ 24.
Qxf3 Rxf3 25. Nxf3 Bxg4 26. Nh2 Bh3 27. Rfe1 Rf7 28. f3 g4 29. fxg4 Qh4 30. Re2 Qg3+ 31. Kh1 Rf2 32. Rg1 Bg2+ 33. Rxg2 Qxg2# 0-1

[Event "*** Titled Tuesday Blitz"]
[Site "Chess.com"]
[Date "2020.10.20"]
[Round "1"]
[White "ChronicUnhappiness"]
[Black "albi1999"]
[Result "0-1"]
[WhiteElo "2285"]
[BlackElo "2612"]
[TimeControl "180+1"]
[EndTime "10:03:35 PDT"]
[Termination "albi1999 won by resignation"]

1. c4 e5 2. d3 Bb4+ 3. Bd2 Bxd2+ 4. Qxd2 d6 5. Nc3 Ne7 6. g3 O-O 7. Bg2 Nbc6 8. Nf3 f6 9. O-O Be6 10. b3 Qd7 11. d4 Bh3 12. Nd5 Bxg2 13. Kxg2 e4 14. Ne1 Nxd5 15. cxd5 Ne7 16. Qa5 b6 17.
Qa6 Nxd5 18. Qc4 c6 19. Rc1 Rac8 20. Nc2 b5 0-1

[Event "*** Titled Tuesday Blitz"]
[Site "Chess.com"]
[Date "2020.10.20"]
[Round "1"]
[White "ApacheSVD"]
[Black "akanga001"]
[Result "1-0"]
[WhiteElo "2459"]
[BlackElo "1856"]
[TimeControl "180+1"]
[EndTime "10:03:40 PDT"]
[Termination "ApacheSVD won by resignation"]

1. e4 e5 2. Nf3 Nc6 3. Nc3 Nf6 4. a3 Bc5 5. Nxe5 Nxe5 6. d4 Bd6 7. f4 O-O 8. fxe5 Re8 9. exd6 Nxe4 10. Be2 Nxd6 11. O-O c6 12. d5 Ne4 13. Nxe4 Rxe4 14. Bd3 Rh4 15. Qf3 Qe8 16. Bg5 Rd4 17. Rae1 Qf8 18. Be7 Qe8 19. Bd6 Qd8 20. Qxf7+ Kh8 21. Qf8+ 1-0

[Event "*** Titled Tuesday Blitz"]
[Site "Chess.com"]
[Date "2020.10.20"]
[Round "1"]
[White "kingofthenil"]
[Black "gagtemp"]
[Result "1-0"]
[WhiteElo "2461"]
[BlackElo "1946"]
[TimeControl "180+1"]
[EndTime "10:03:41 PDT"]
[Termination "kingofthenil won by resignation"]

1. e4 d5 2. exd5 Qxd5 3. Nf3 Bg4 4. Be2 Nc6 5. h3 Qh5 6. O-O Nf6 7. hxg4 Nxg4 8. g3 O-O-O 9. Kg2 e5 10. Rh1 Qf5 11.
Qe1 Bc5 12. Nh4 Qe6 13. Bxg4 Qxg4 14. d3 g5 15. Nf3 h5 16. Qe4 Qe6 17. Nxg5 Qe7 18.
Nc3 Kb8 19. Be3 Bd4 20. Nf3 Rdf8 21. Bxd4 1-0

[Event "*** Titled Tuesday Blitz"]
[Site "Chess.com"]
[Date "2020.10.20"]
[Round "1"]
[White "DanielDardha2005"]
[Black "almaguerjm"]
[Result "1-0"]
[WhiteElo "2619"]
[BlackElo "2293"]
[TimeControl "180+1"]
[EndTime "10:03:45 PDT"]
[Termination "DanielDardha2005 won by resignation"]

1. d4 d5 2. c4 e6 3. Nc3 c5 4. cxd5 exd5 5. Nf3 Nc6 6. g3 Nf6 7. Bg2 cxd4 8. Nxd4 Bc5 9. Nxc6 bxc6 10. O-O O-O 11. Qc2 Bb6 12. b3 Re8 13. e3 Bg4 14. Bb2 Qd7 15. Na4 Bh3 16. Bxf6 gxf6 17. Bxh3 Qxh3 18. Qxc6 Rad8 19. Nxb6 axb6 20. Qxb6 Rd7 21. Qd4 Qh6 22. Qf4 Qg6 23. Rac1 d4 24. exd4 Re4 25. Rc8+ Kg7 26.
Qb8 Rexd4 27. Rg8+ 1-0

[Event "*** Titled Tuesday Blitz"]
[Site "Chess.com"]
[Date "2020.10.20"]
[Round "1"]
[White "CLG_Nemsko"]
[Black "Lion-Al-Messi"]
[Result "0-1"]
[WhiteElo "2221"]
[BlackElo "2550"]
[TimeControl "180+1"]
[EndTime "10:03:46 PDT"]
[Termination "Lion-Al-Messi won by resignation"]

1. e4 b6 2. d4 Bb7 3. Nc3 e6 4. Bd3 c5 5. Be3 cxd4 6. Bxd4 Nc6 7. Be3 Nf6 8. f3 Bb4 9. a3 Bxc3+ 10. bxc3 d5 11. Qe2 dxe4 12. fxe4 O-O 13. Nf3 Ng4 14. O-O Nxe3 15. Qxe3 Qe7 16. e5 Qc5 17. Nd4 Qxe5 18. Qh3 g6 19. Rae1 Qg7 20. Nb5 Rad8 21. Kh1 a6 22. Nd4 Nxd4 23. cxd4 Rxd4 24. c3 Rd6 25. Be4 Bxe4 26. Rxe4 Rfd8 27. Ref4 Rd1 28. Qf3 Rxf1+ 29. Qxf1 b5 30. h4 h5 31. Qf3 Rd7 32. Qa8+ Kh7 33.
Qxa6 Rd1+ 34. Kh2 Qe5 0-1

[Event "*** Titled Tuesday Blitz"]
[Site "Chess.com"]
[Date "2020.10.20"]
[Round "1"]
[White "Supernotar"]
[Black "atalz0"]
[Result "1-0"]
[WhiteElo "2856"]
[BlackElo "2422"]
[TimeControl "180+1"]
[EndTime "10:03:49 PDT"]
[Termination "Supernotar won on time"]

1. d4 Nf6 2. c4 e6 3. Nf3 d5 4. e3 c5 5. dxc5 Bxc5 6. a3 a6 7. b4 Ba7 8. Bb2 O-O 9. Nbd2 Nc6 10.
Rc1 Qe7 11. Be2 Rd8 12. O-O dxc4 13. Bxc4 1-0

[Event "*** Titled Tuesday Blitz"]
[Site "Chess.com"]
[Date "2020.10.20"]
[Round "1"]
[White "orestn"]
[Black "RaunakSadhwani2005"]
[Result "0-1"]
[WhiteElo "2451"]
[BlackElo "2965"]
[TimeControl "180+1"]
[EndTime "10:03:52 PDT"]
[Termination "RaunakSadhwani2005 won by checkmate"]

1. e4 e5 2. Nf3 Nc6 3. Bb5 Nf6 4.
d3 Bc5 5. c3 d6 6. Bg5 h6 7.
Bh4 O-O 8. Nbd2 a6 9. Ba4 b5 10. Bb3 a5 11. a4 b4 12. O-O g5 13. Bg3 Kg7 14. Re1 Rb8 15. Bd5 Nxd5 16. exd5 Ne7 17. d4 exd4 18. Nxd4 Bxd4 19. cxd4 Nxd5 20. Rc1 Be6 21. Nc4 Ra8 22. f4 gxf4 23. Bf2 Qg5 24. Qf3 Nf6 25. Qb7 Bd5 26. Qxc7 Qxg2# 0-1

[Event "*** Titled Tuesday Blitz"]
[Site "Chess.com"]
[Date "2020.10.20"]
[Round "1"]
[White "MikeSailer"]
[Black "dragos420"]
[Result "0-1"]
[WhiteElo "2095"]
[BlackElo "2501"]
[TimeControl "180+1"]
[EndTime "10:03:53 PDT"]
[Termination "dragos420 won by resignation"]

1. d4 Nf6 2. Nf3 e6 3. Bf4 d5 4. e3 c5 5. Nc3 a6 6. Be2 Qb6 7. Rb1 Nc6 8. O-O cxd4 9. exd4 Bd7 10. Ne5 Nxe5 11. dxe5 Ne4 12. Nxe4 dxe4 13. Re1 Bc5 14. Bg3 Bc6 15. b4 Bd4 16. a4 Rd8 17. Qc1 e3 18. f3 Bc3 19. Rd1 Rd2 20. Rxd2 exd2+ 0-1

[Event "*** Titled Tuesday Blitz"]
[Site "Chess.com"]
[Date "2020.10.20"]
[Round "1"]
[White "Zmof"]
[Black "Barmen_EV"]
[Result "0-1"]
[WhiteElo "2159"]
[BlackElo "2511"]
[TimeControl "180+1"]
[EndTime "10:03:56 PDT"]
[Termination "Barmen_EV won by resignation"]

1. e4 c5 2. Nf3 Nc6 3. Bb5 e6 4. Bxc6 bxc6 5. O-O Ne7 6. c3 Ng6 7. d4 Be7 8. Nbd2 cxd4 9. cxd4 O-O 10. Re1 d5 11. e5 c5 12. dxc5 Bxc5 13. Nb3 Bb6 14. Be3 Bb7 15. Bxb6 Qxb6 16. Qd4 Rac8 17. Rac1 Rc4 18. Qxb6 axb6 19. Nbd2 Rc5 20. Nb3 Rc4 21. Nbd2 Rcc8 22. g3 h6 23. Nb3 Ne7 24. Nfd4 Rc4 25. f4 Rfc8 26. Kf2 Ba6 27. Ke3 Nc6 28. Nxc6 R8xc6 29.
Nd4 Rxc1 0-1

[Event "*** Titled Tuesday Blitz"]
[Site "Chess.com"]
[Date "2020.10.20"]
[Round "1"]
[White "GM_Levan_Pantsulaia"]
[Black "killer311"]
[Result "1-0"]
[WhiteElo "2849"]
[BlackElo "2420"]
[TimeControl "180+1"]
[EndTime "10:04:04 PDT"]
[Termination "GM_Levan_Pantsulaia won by resignation"]

1. Nf3 d5 2. g3 c6 3. Bg2 Bg4 4. c4 e6 5. h3 Bh5 6. O-O Nf6 7. d3 Nbd7 8. cxd5 exd5 9. Nc3 Bc5 10. e4 O-O 11. g4 Nxg4 12. hxg4 Bxg4 13. d4 Bb4 14. exd5 Bxc3 15. dxc6 Bb4 16. cxd7 Bxd7 17. Bg5 Qb6 18. Qb3 Qd6 19. Ne5 Be6 20. d5 Qxe5 21.
dxe6 Qxg5 22. Qxb4 fxe6 23. Rae1 Rf6 24. Re3 Raf8 25. Rg3 Qh6 26. Qxb7 Qh4 1-0

[Event "*** Titled Tuesday Blitz"]
[Site "Chess.com"]
[Date "2020.10.20"]
[Round "1"]
[White "AleksanderHnydiuk"]
[Black "SerLanselot"]
[Result "1-0"]
[WhiteElo "2557"]
[BlackElo "2223"]
[TimeControl "180+1"]
[EndTime "10:04:04 PDT"]
[Termination "AleksanderHnydiuk won by resignation"]

1. e4 d6 2. d4 Nf6 3. Nc3 g6 4. f4 Bg7 5. Nf3 O-O 6. e5 Nfd7 7. Bc4 Nb6 8. Bb3 Nc6 9. a4 a5 10. O-O d5 11. Ne2 f6 12. c3 fxe5 13. fxe5 e6 14. Bg5 Qe8 15. Qe1 Ne7 16. Qh4 Nf5 17. Qh3 h6 18. Bd2 g5 19. g4 Ne7 20. Bc2 Ng6 21.
Bxg5 Rxf3 22. Rxf3 hxg5 23. Qh5 1-0

[Event "*** Titled Tuesday Blitz"]
[Site "Chess.com"]
[Date "2020.10.20"]
[Round "1"]
[White "Beca95"]
[Black "GlennTipton"]
[Result "1-0"]
[WhiteElo "2896"]
[BlackElo "2441"]
[TimeControl "180+1"]
[EndTime "10:04:08 PDT"]
[Termination "Beca95 won by resignation"]

1. Nf3 d5 2. e3 c6 3. c4 Nf6 4. Nc3 a6 5. d4 b5 6. b3 Bg4 7. h3 Bxf3 8. gxf3 Nbd7 9. f4 g6 10.
Qc2 Bg7 11. c5 Nh5 12. Ne2 f5 13. Ng1 a5 14. a3 a4 15. b4 e6 16. Nf3 Bf6 17.
Bb2 h6 18. O-O-O g5 19. Re1 Qe7 20. Kb1 gxf4 21. exf4 Nxf4 22. Bc1 Ng6 23. Bd3 Ngf8 24. Bxf5 O-O-O 25. Rhg1 Re8 26. Bd3 e5 27. dxe5 Nxe5 28. Nxe5 Bxe5 29. f4 Nd7 30. fxe5 Nxe5 31. Bf5+ Kb7 32.
Bb2 Qc7 33. Qh2 Nc4 34. Qxc7+ Kxc7 35. Bxh8 1-0

[Event "*** Titled Tuesday Blitz"]
[Site "Chess.com"]
[Date "2020.10.20"]
[Round "1"]
[White "barbara25"]
[Black "Gusarov91"]
[Result "0-1"]
[WhiteElo "2258"]
[BlackElo "2577"]
[TimeControl "180+1"]
[EndTime "10:04:09 PDT"]
[Termination "Gusarov91 won by resignation"]

1. e4 c5 2. Nf3 a6 3. g3 b5 4.
Bg2 Bb7 5. d3 e6 6. O-O Nc6 7.
Re1 d6 8. c3 Nf6 9. Nbd2 Be7 10. Nf1 O-O 11. h3 e5 12. g4 b4 13. Ng3 bxc3 14.
bxc3 Nd7 15. Nf5 Re8 16. Rb1 Qc7 17. h4 Nf8 18. h5 Ne6 19. Kh2 Rab8 20. Bd2 Ba8 21.
Nxe7+ Qxe7 22. Qe2 Qc7 23. Nh4 Nf4 24. Bxf4 exf4 25. Qf3 Ne5 26. Qe2 d5 27. f3 d4 28.
cxd4 cxd4 29. Rbc1 Qd8 30. Nf5 g6 31. hxg6 hxg6 32.
Bh3 gxf5 33. gxf5 Qh4 34. Rg1+ Kh8 35. Rc5 Rb2 0-1

[Event "*** Titled Tuesday Blitz"]
[Site "Chess.com"]
[Date "2020.10.20"]
[Round "1"]
[White "swimmerchess"]
[Black "Unknown_IM"]
[Result "1-0"]
[WhiteElo "2771"]
[BlackElo "2379"]
[TimeControl "180+1"]
[EndTime "10:04:17 PDT"]
[Termination "swimmerchess won by resignation"]

1. e4 e5 2. Nf3 Nc6 3. Bb5 a6 4. Ba4 Nf6 5. O-O Be7 6. Re1 b5 7. Bb3 d6 8. c3 O-O 9. h3 Nb8 10. d4 Nbd7 11. Nbd2 Bb7 12. Bc2 Re8 13. Nf1 Bf8 14.
Ng3 g6 15. Bg5 exd4 16. cxd4 c5 17. e5 Bxf3 18. Qxf3 Qa5 19. Bxf6 Nxf6 20. Qxf6 dxe5 21. dxe5 Bg7 22. Qf4 Qc7 23. Ne4 Bxe5 24. Nf6+ Kh8 25. Nxe8 Rxe8 26. Qf3 f5 27. Re2 Rd8 28. Rae1 Bd4 29.
Re7 Qd6 30. Qb7 1-0

[Event "*** Titled Tuesday Blitz"]
[Site "Chess.com"]
[Date "2020.10.20"]
[Round "1"]
[White "Das_Virus_2020"]
[Black "ChristopherYoo"]
[Result "0-1"]
[WhiteElo "2418"]
[BlackElo "2837"]
[TimeControl "180+1"]
[EndTime "10:04:20 PDT"]
[Termination "ChristopherYoo won by resignation"]

1. e4 c6 2. d4 d5 3. Nc3 dxe4 4.
Nxe4 Nf6 5. Nxf6+ exf6 6. Be2 Bd6 7. Bf3 O-O 8. Ne2 Re8 9. O-O Nd7 10. c4 Nf8 11.
Nc3 Ng6 12. g3 Bf5 13. Be3 Qd7 14. Re1 Bb4 15. Qb3 Bxc3 16. Qxc3 Be4 17. Bxe4 Rxe4 18. Qd3 Rae8 19. Rad1 h5 20. Qf1 h4 21. Qg2 hxg3 22.
hxg3 Nh4 23. Qh1 Nf5 24. Qf3 Nxd4 25. Qh5 R8e5 26. Qh1 Qg4 27. Rf1 Rxe3 28. fxe3 Qxg3+ 0-1

[Event "*** Titled Tuesday Blitz"]
[Site "Chess.com"]
[Date "2020.10.20"]
[Round "1"]
[White "KetiGrant"]
[Black "Volodar_Murzin"]
[Result "0-1"]
[WhiteElo "2287"]
[BlackElo "2614"]
[TimeControl "180+1"]
[EndTime "10:04:23 PDT"]
[Termination "Volodar_Murzin won by resignation"]

1. e4 c5 2. Nf3 d6 3. Bb5+ Nd7 4. O-O Nf6 5. Re1 e6 6. c3 Be7 7. d4 O-O 8. Nbd2 cxd4 9. cxd4 a6 10. Bd3 b5 11. e5 dxe5 12. dxe5 Nd5 13. Ne4 Bb7 14. a3 Rc8 15. Bg5 Nxe5 16. Nxe5 Bxg5 17. Qg4 Bf4 18. Ng3 f5 19. Qh5 Bxe5 20. Rxe5 Nf4 0-1

[Event "*** Titled Tuesday Blitz"]
[Site "Chess.com"]
[Date "2020.10.20"]
[Round "1"]
[White "ZverevLev"]
[Black "GothamChess"]
[Result "0-1"]
[WhiteElo "2283"]
[BlackElo "2610"]
[TimeControl "180+1"]
[EndTime "10:04:23 PDT"]
[Termination "GothamChess won by resignation"]

1. e4 c6 2. d4 d5 3. e5 Bf5 4. Nd2 e6 5. Nb3 a5 6. a4 Ne7 7. Nf3 h6 8. Be2 Nd7 9. O-O Qc7 10. Re1 g5 11. Be3 Bg7 12. Qd2 O-O 13. h3 Bg6 14. Rac1 Nb6 15. Bd3 Nc4 16. Qe2 Nxb2 17. Bxg6 fxg6 18.
Ra1 Nc4 19. Nc5 Qc8 20. Nd2 Nxd2 21. Qxd2 b6 22. Nd3 Qc7 23. h4 gxh4 24. Bxh6 Nf5 25. Bxg7 Kxg7 26. Qg5 Qe7 27. Qg4 Nh6 28. Qh3 g5 29.
Qe3 Nf5 30. Qd2 Nxd4 31. f4 g4 32. Nf2 Qc5 33. Nxg4 Nf3+ 0-1

[Event "*** Titled Tuesday Blitz"]
[Site "Chess.com"]
[Date "2020.10.20"]
[Round "1"]
[White "julinha97"]
[Black "jacky72"]
[Result "0-1"]
[WhiteElo "2234"]
[BlackElo "2558"]
[TimeControl "180+1"]
[EndTime "10:04:23 PDT"]
[Termination "jacky72 won by resignation"]

1. e4 e5 2. Nf3 Nc6 3. d4 exd4 4. Bc4 Bc5 5. c3 Nf6 6. e5 d5 7. Be2 Ne4 8. cxd4 Bb6 9. Nc3 O-O 10. O-O Bg4 11.
Be3 f6 12. exf6 Rxf6 13. Rc1 Rg6 14. Nxd5 Bxf3 15. Bxf3 Qxd5 16. Qc2 Re8 17. Rfe1 Qf5 18. Kh1 Nd6 19. Qb3+ Kh8 20. d5 Ne5 21. Bxb6 cxb6 22. Qa4 b5 23. Qa3 Rf8 24. Be4 Nxe4 25. Rxe4 Qxf2 26.
Rg1 Qxg2+ 27. Rxg2 Rf1+ 0-1

[Event "*** Titled Tuesday Blitz"]
[Site "Chess.com"]
[Date "2020.10.20"]
[Round "1"]
[White "Vyacheslav_N"]
[Black "LiamVrolijk"]
[Result "0-1"]
[WhiteElo "2421"]
[BlackElo "2861"]
[TimeControl "180+1"]
[EndTime "10:04:25 PDT"]
[Termination "LiamVrolijk won by resignation"]

1. e4 g6 2. d4 Bg7 3. Nc3 d6 4. g3 a6 5. a4 Nf6 6. Bg2 O-O 7.
Nge2 Nbd7 8. O-O c5 9. h3 Rb8 10. a5 b5 11. axb6 Qxb6 12. b3 cxd4 13. Nxd4 Nxe4 14.
Bxe4 Qxd4 15. Bb2 Nc5 16. Bg2 Bf5 17. Qe2 Qe5 18. Qf3 Bxc2 19. Na4 Qf5 20. Bxg7 Qxf3 21.
Bxf3 Kxg7 22. Nxc5 dxc5 23. Rxa6 Bd3 24. Rc1 Bxa6 0-1